Map: [ESL] Site Delta

Players

Mixu - Winner!

  • Race: Zerg Zerg
  • League: Grandmaster
  • Spawn Location: 11:00

trigger

  • Race: Protoss Protoss
  • League: Grandmaster
  • Spawn Location: 5:00

Event: HomeStory Cup XXIV

VOD

Have the link to the VOD?

Description

Time

  • Played on: Dec. 2, 2023, 2:34 p.m.
  • Length: 11:04

All games in this series

Show
View Real Time Build Order
Export as new Build Order

Mixu Zerg - Winner!

Build Orders: Hatch First 

Get SALT Encoding   

  12  0:00  Drone  
  13  0:12  Overlord  
  13  0:16  Drone  
  14  0:30  Drone x2  
  16  0:48  Hatchery  
  15  0:51  Drone  
  15  0:55  Drone  
  17  0:57  Drone  
  18  1:09  Extractor  
  17  1:12  Spawning Pool  
  17  1:17  Drone  
  17  1:19  Drone  
  18  1:27  Drone  
  19  1:38  Drone  
  20  1:50  Overlord  
  20  2:00  Queen  
  20  2:01  Drone, Queen  
  24  2:02  Zergling x2  
  26  2:10  Zergling x2  
  26  2:12  Metabolic Boost  
  26  2:14  Drone  
  28  2:21  Drone  
  29  2:24  Drone  
  30  2:35  Hatchery  
  30  2:37  Drone  
  30  2:44  Overlord  
  30  2:49  Queen  
  30  2:50  Zergling x2  
  33  2:54  Zergling x2  
  33  2:56  Drone  
  35  3:05  Zergling x2  
  35  3:06  Zergling x2  
  35  3:08  Queen  
  37  3:13  Drone x2  
  37  3:16  Overlord  
  37  3:19  Drone  
  40  3:24  Drone x2  
  42  3:32  Drone  
  43  3:34  Queen  
  43  3:37  Drone x2  
  47  3:41  Drone, Spore Crawler  
  47  3:48  Drone x2  
  47  3:57  Drone x4  
  49  4:05  Drone x4  
  53  4:13  Overlord  
  52  4:17  Drone x4  
  52  4:19  Drone  
  57  4:24  Drone  
  57  4:31  Drone, Evolution Chamber  
  58  4:33  Drone x5  
  58  4:36  Drone x2  
  64  4:39  Overlord  
  64  4:43  Drone  
  65  4:49  Extractor  
  65  4:52  Drone x2  
  66  4:53  Overlord  
  66  4:57  Zerg Melee Weapons Level 1  
  66  4:58  Drone x2, Overlord  
  66  4:59  Drone x4  
  72  5:06  Hatchery  
  71  5:09  Queen  
  71  5:10  Drone  
  72  5:14  Drone x4  
  71  5:22  Drone  
  71  5:23  Drone  
  71  5:27  Overlord  
  71  5:28  Drone x5  
  71  5:32  Spore Crawler  
  71  5:35  Drone  
  76  5:40  Drone x2  
  75  5:44  Drone x5  
  75  5:47  Extractor  
  75  5:48  Zergling x2  
  75  5:49  Zergling x2  
  80  5:54  Overlord  
  80  5:59  Drone x3  
  80  6:00  Drone x3  
  80  6:03  Lair  
  86  6:07  Zergling x4, Extractor  
  87  6:12  Zergling x6  
  89  6:21  Spore Crawler  
  88  6:26  Drone  
  88  6:27  Zergling x18  
  88  6:30  Zergling x6  
  100  6:34  Hatchery  
  100  6:38  Drone  
  100  6:39  Drone x2  
  102  6:42  Drone x2  
  102  6:45  Baneling Nest  
  103  6:48  Zergling x4  
  105  6:58  Drone x5  
  105  6:59  Drone  
  105  7:00  Overlord  
  111  7:06  Hydralisk Den  
  110  7:14  Zergling x2  
  111  7:18  Overseer  
  111  7:20  Pneumatized Carapace  
  109  7:23  Zergling x20  
  109  7:28  Baneling x15  
  119  7:32  Overlord x2  
  119  7:36  Spore Crawler  
  118  7:37  Grooved Spines  
  118  7:47  Hydralisk x3  
  118  7:48  Drone  
  118  7:49  Overlord  
  118  7:50  Overlord x2  
  118  7:51  Zergling x16, Extractor  
  132  7:52  Extractor  
  132  7:54  Zergling x14  
  139  7:58  Zergling x4  
  139  8:02  Hydralisk  
  139  8:05  Zergling x4  
  142  8:07  Zergling x8  
  142  8:10  Zergling x2  
  129  8:13  Hydralisk  
  129  8:19  Hydralisk x8  
  128  8:23  Drone  
  128  8:25  Zergling x14  
  152  8:27  Zergling x2  
  152  8:33  Zergling x12  
  159  8:34  Zerg Missile Weapons Level 1  
  159  8:39  Baneling x9  
  159  8:41  Hydralisk  
  159  8:45  Zergling x10  
  159  8:48  Muscular Augments  
  163  8:49  Zergling x4  
  165  8:58  Zergling x2  
  165  8:59  Overlord x4  
  166  9:13  Overlord x2, Centrifugal Hooks  
  166  9:16  Overlord  
  165  9:18  Extractor  
  165  9:19  Hydralisk  
  165  9:20  Hydralisk x4  
  165  9:21  Drone x2  
  165  9:23  Drone x2  
  179  9:27  Hydralisk x2  
  183  9:33  Hydralisk x3  
  183  9:38  Zergling x10  
  194  9:43  Zergling x2  
  194  9:44  Zergling x6  
  196  9:47  Zergling x6  
  196  9:51  Zergling x6  
  196  9:56  Zergling x8  
  196  9:57  Baneling  
  196  9:58  Baneling x9  
  198  10:02  Zergling x4  
  198  10:05  Zergling x10  
  180  10:07  Zergling x6  
  180  10:11  Zergling x8  
  180  10:13  Zergling x4  
  178  10:18  Zergling x8  
  180  10:22  Hydralisk  
  180  10:23  Hydralisk x2  
  173  10:29  Hydralisk x4  
  173  10:33  Hydralisk  
  173  10:34  Hydralisk  
  172  10:38  Hydralisk x2  
  172  10:41  Zergling x6  
Show
View Real Time Build Order
Export as new Build Order

trigger Protoss 

Build Orders: 1 Gate Expand, Oracle Opening, Archon Immortal 

Get SALT Encoding   

  12  0:00  Probe  
  13  0:12  Probe  
  14  0:20  Pylon  
  14  0:24  Probe  
  15  0:38  Probe (Chrono Boost)  
  15  0:39  Gateway  
  16  0:46  Probe (Chrono Boost)  
  17  0:50  Assimilator  
  17  0:52  Probe  
  18  1:04  Probe  
  19  1:16  Probe  
  20  1:25  Nexus  
  20  1:36  Cybernetics Core  
  20  1:39  Probe  
  21  1:46  Assimilator  
  21  1:52  Probe  
  22  1:56  Pylon  
  22  2:03  Probe  
  23  2:11  Adept (Chrono Boost), Probe  
  26  2:19  Probe  
  26  2:20  Stargate  
  26  2:29  Warp Gate  
  27  2:32  Probe (Chrono Boost)  
  27  2:35  Adept  
  30  2:37  Probe (Chrono Boost)  
  32  2:47  Probe (Chrono Boost)  
  32  2:48  Probe (Chrono Boost)  
  32  2:52  Probe (Chrono Boost)  
  32  2:54  Probe  
  34  3:03  Oracle (Chrono Boost)  
  34  3:04  Probe  
  38  3:06  Probe  
  38  3:09  Adept  
  41  3:13  Pylon  
  41  3:16  Probe  
  41  3:18  Probe  
  43  3:27  Gateway  
  43  3:28  Probe  
  43  3:30  Probe  
  43  3:31  Oracle (Chrono Boost)  
  48  3:42  Probe  
  48  3:46  Probe  
  50  3:57  Probe  
  50  4:00  Probe  
  50  4:01  Oracle  
  47  4:09  Probe  
  48  4:10  Nexus  
  48  4:11  Forge  
  48  4:12  Pylon  
  48  4:16  Probe  
  49  4:21  Probe  
  49  4:31  Adept  
  49  4:32  Probe, Adept  
  49  4:34  Probe  
  54  4:40  Oracle (Chrono Boost)  
  58  4:45  Probe (Chrono Boost)  
  58  4:46  Probe (Chrono Boost)  
  58  4:47  Assimilator  
  58  4:49  Assimilator  
  58  4:52  Pylon  
  59  4:59  Probe (Chrono Boost)  
  61  5:03  Pylon, Probe (Chrono Boost)  
  61  5:06  Protoss Ground Weapons Level 1, Probe (Chrono Boost)  
  62  5:10  Probe  
  62  5:11  Gateway  
  62  5:13  Probe  
  64  5:22  Probe  
  64  5:23  Probe  
  64  5:25  Probe  
  64  5:26  Stalker  
  64  5:27  Stalker  
  67  5:29  Shield Battery  
  67  5:30  Robotics Facility  
  67  5:34  Probe  
  67  5:35  Probe  
  69  5:41  Probe  
  70  5:46  Photon Cannon  
  70  5:47  Shield Battery, Probe  
  71  5:51  Probe  
  71  5:53  Probe  
  71  5:54  Robotics Facility  
  73  5:57  Pylon  
  73  5:59  Probe  
  73  6:02  Assimilator  
  74  6:04  Sentry, Probe  
  74  6:06  Probe  
  74  6:07  Assimilator  
  78  6:11  Probe  
  78  6:15  Immortal (Chrono Boost)  
  78  6:16  Probe  
  78  6:18  Probe  
  85  6:19  Twilight Council  
  85  6:21  Pylon  
  85  6:24  Probe  
  86  6:29  Probe  
  91  6:47  Immortal  
  91  6:48  Gateway, Pylon  
  91  6:50  Immortal, Pylon x2  
  95  6:54  Zealot x3  
  95  6:55  Pylon  
  101  7:07  Protoss Ground Weapons Level 2 (Chrono Boost)  
  101  7:14  Charge  
  101  7:16  Templar Archives  
  101  7:23  Zealot x3  
  101  7:26  Immortal  
  101  7:28  Photon Cannon  
  101  7:29  Immortal  
  114  7:46  Zealot x3  
  114  7:49  Gateway  
  120  7:51  Gateway  
  120  7:54  Gateway  
  120  7:56  Gateway  
  120  7:57  Gateway  
  124  8:05  Immortal  
  124  8:08  Zealot x3  
  124  8:10  Probe  
  105  8:16  Immortal  
  109  8:28  High Templar x4  
  109  8:33  Archon x2  
  117  8:45  Immortal (Chrono Boost)  
  121  8:50  High Templar x3  
  121  8:55  Archon, Immortal (Chrono Boost)  
  128  8:56  Forge  
  128  8:59  Pylon  
  128  9:03  High Templar  
  128  9:09  Archon  
  130  9:15  Zealot x4  
  138  9:24  Warp Prism (Chrono Boost), Immortal (Chrono Boost)  
  140  9:25  Photon Cannon, Shield Battery  
  140  9:27  Nexus  
  140  9:28  Pylon  
  142  9:33  Pylon  
  142  9:35  Zealot x3  
  148  9:52  Warp Prism, Shield Battery  
  136  9:53  Observer  
  136  9:54  Zealot x5  
  148  10:03  Zealot x3  
  136  10:20  Stalker x4  
  136  10:33  Zealot x2  
  136  10:34  Zealot  
  92  10:47  Zealot x4  
  80  10:57  Zealot x2  
Tags
 
Add a new tag
Caveats
  • Supply blocks, unpowered buildings, or Contaminate may cause inaccurate times.
  • Supply counts are checked every 10 seconds.